 Dungeon Crawl Stone Soup version 0.21-a0-404-g291f19a (webtiles) character file.

18 Ushi the Firebug (level 2, 0/19 HPs)
             Began as a Human Fire Elementalist on Oct 28, 2017.
             Slain by an adder (5 damage)
             ... on level 2 of the Dungeon.
             The game lasted 00:05:48 (706 turns).

Ushi the Firebug (Human Fire Elementalist)           Turns: 706, Time: 00:05:48

Health: 0/19       AC:  2    Str:  8    XL:     2   Next: 90%
Magic:  2/5        EV: 12    Int: 15    God:
Gold:   45         SH:  0    Dex: 13    Spells: 2/5 levels left

rFire    . . .     SeeInvis .   g - +0 dagger
rCold    . . .     Gourm    .   (no shield)
rNeg     . . .     Faith    .   k - +0 robe
rPois    .         Spirit   .   (no helmet)
rElec    .         Reflect  .   (no cloak)
rCorr    .         Harm     .   (no gloves)
MR       .....                  (no boots)
Stlth    ++........             (no amulet)
HPRegen  0.06/turn              (no ring)
MPRegen  0.09/turn              (no ring)

@: lethally poisoned (0 -> -5)
A: no striking features
a: no special abilities


You were on level 2 of the Dungeon.
You were not hungry.

You visited 1 branch of the dungeon, and saw 2 of its levels.

You collected 45 gold pieces.

Inventory:

Hand Weapons
 g - a +0 dagger (weapon)
Armour
 k - a +0 robe (worn)
Scrolls
 a - a scroll of noise {unknown}
 e - 3 scrolls of teleportation {unknown}
 f - a scroll of enchant weapon {unknown}
 i - a scroll of identify {unknown}
 l - a scroll of enchant armour {unknown}
Potions
 d - a potion of agility {unknown}
 j - 2 potions of brilliance {unknown}
Books
 b - a book of Flames

   Spells                             Type                      Level
   a - Flame Tongue                   Conjuration/Fire             1
   b - Throw Flame                    Conjuration/Fire             2
   c - Conjure Flame                  Conjuration/Fire             3
   d - Inner Flame                    Hexes/Fire                   3
   e - Sticky Flame                   Conjuration/Fire             4
   f - Fireball                       Conjuration/Fire             5
Comestibles
 c - a bread ration
 h - a royal jelly
 m - 2 chunks of flesh


   Skills:
 + Level 2.0 Dodging
 + Level 2.0 Stealth
 + Level 2.2 Spellcasting
 + Level 1.3 Conjurations
 + Level 3.5 Fire Magic


You had 2 spell levels left.
You knew the following spells:

 Your Spells              Type           Power        Failure   Level  Hunger
a - Flame Tongue          Conj/Fire      #....        8%          1    #......
b - Throw Flame           Conj/Fire      #.....       12%         2    ###....


Dungeon Overview and Level Annotations

Branches:
Dungeon (2/15)

Altars:


Message History

The adder is heavily wounded.
You feel sick. The adder closely misses you.
Casting: Flame Tongue
Confirm with . or Enter, or press ? or * to list all spells.
Aiming: Flame Tongue
Press: ? - help, Shift-Dir - straight line, f/p - adder
Aim: an adder (heavily wounded)
The flame tongue hits the adder.
The adder appears unharmed.
The adder is heavily wounded.
The adder closely misses you. The adder bites you.
* * * LOW HITPOINT WARNING * * *
Casting: Flame Tongue
Confirm with . or Enter, or press ? or * to list all spells.
Aiming: Flame Tongue
Press: ? - help, Shift-Dir - straight line, f/p - adder
Aim: an adder (heavily wounded)
The flame tongue hits the adder.
The adder is severely wounded.
The adder bites you.
You die...

##.###.. #.# #... ...
#.# .######..###.# #.#
..........##.# #.#
######.#.##.# #.#
#####...#....# #.#
#?....#####..###.#
.......###...#.<......#
##...#. ##@S#.##.#####
##. .b #....##.# # .$.
#.#####.# .... .... ..#
##.....#### ### ##...
.. #


You could see an adder.

Vanquished Creatures
  2 leopard geckos (D:1)
  A giant cockroach (D:1)
  A hobgoblin (D:2)
  6 bats
  3 frilled lizards
  3 kobolds (D:1)
  A rat (D:2)
17 creatures vanquished.

Notes
Turn   | Place    | Note
-------+----------+-------------------------------------------
     0 | D:1      | Ushi the Human Fire Elementalist began the quest for the Orb.
     0 | D:1      | Reached XP level 1. HP: 13/13 MP: 3/3
   161 | D:1      | Reached XP level 2. HP: 19/19 MP: 0/5
   590 | D:2      | Learned a level 2 spell: Throw Flame
   706 | D:2      | Slain by an adder

Vault maps used:
D:1:      erik_arrival_triangle_large
D:2:      lemuel_coloured_pillars_altar, minmay_bisected,
          uniq_crazy_yiuf_cottage, uniq_robin, uniq_sigmund

Action                   || total
-------------------------++-------
Melee: Dagger            ||    15
 Cast: Flame Tongue      ||    34
Armor: Robe              ||     9
Dodge: Dodged            ||    13

Table legend:
 A = Spawn XP
 B = Non-spawn XP
 C = Spawn XP percentage of total XP
 D = Spawn monster count
 E = Non-spawn monster count
 F = Spawn count percentage of total count
 G = Total turns spent on level
                    A         B        C        D         E        F      G
               +---------+---------+-------+---------+---------+-------+---------
         Total |       0 |      27 |   0.0 |       0 |      17 |   0.0 |   706
               +---------+---------+-------+---------+---------+-------+---------
           D:1 |       0 |      19 |   0.0 |       0 |      12 |   0.0 |   477
           D:2 |       0 |       8 |   0.0 |       0 |       5 |   0.0 |   229
               +---------+---------+-------+---------+---------+-------+---------
